 Dungeon Crawl Stone Soup version 0.30-a0-140-gd1020e658a (webtiles) character file.

Game seed: 3054241915130534512

36513 Decritt the Fighter (level 13, 0/89 HPs)
             Began as a Gargoyle Fighter on Sept 24, 2022.
             Was an Elder of the Shining One.
             Slain by an eight-headed hydra (7 damage)
             ... on level 4 of the Lair of Beasts.
             The game lasted 00:42:46 (19497 turns).

Decritt the Fighter (Gargoyle Fighter)             Turns: 19497, Time: 00:42:46

Health: 0/89       AC: 37    Str: 30    XL:     13   Next: 90%
Magic:  16/19      EV: 11    Int:  8    God:    the Shining One [****..]
Gold:   886        SH: 19    Dex:  9    Spells: 12/12 levels left

rFire   + . .      SeeInvis .    M - +0 eveningstar (flame)
rCold   . . .      Faith    .    c - +0 buckler
rNeg    + + +      Spirit   .    v - +4 ring mail {rF+}
rPois   ∞          Reflect  +    z - +2 helmet
rElec   +          Harm     .    y - +2 cloak {rCorr}
rCorr   +          Rampage  .    k - +1 pair of gloves
Will    .....                    i - +0 pair of boots
Stlth   ..........               r - amulet of reflection
HPRegen 0.24/turn                m - +4 ring of protection
MPRegen 0.16/turn                N - ring of Byptet {rPois rN+ Str+4}

@: divinely shielded, glowing
A: sickness immunity, AC +9, negative energy resistance 1, electricity
resistance, torment resistance 1, petrification resistance
a: Renounce Religion, Divine Shield, Cleansing Flame


You were on level 4 of the Lair of Beasts.
You worshipped the Shining One.
The Shining One was greatly pleased with you.
You visited 3 branches of the dungeon, and saw 16 of its levels.
You also visited: Sewer and Volcano.

You collected 1068 gold pieces.
You spent 182 gold pieces at shops.

Inventory:

Hand Weapons
 E - a +2 morningstar of holy wrath
 M - a +0 eveningstar of flaming (weapon)
Armour
 c - a +0 buckler (worn)
 g - a +0 plate armour
 i - a +0 pair of boots (worn)
 k - a +1 pair of gloves (worn)
 v - a +4 ring mail of fire resistance (worn)
 y - a +2 cloak of preservation (worn)
 z - a +2 helmet (worn)
Jewellery
 j - a ring of protection from fire
 m - a +4 ring of protection (left hand)
 n - a ring of fire
 r - an amulet of reflection (around neck)
 w - a ring of resist corrosion
 J - a +4 ring of evasion
 N - the ring of Byptet (right hand) {rPois rN+ Str+4}
   (You found it on level 1 of the Lair of Beasts)

   [ring of poison resistance]

   Str:       It affects your strength (+4).
   rPois:     It protects you from poison.
   rN:        It protects you from negative energy.
Wands
 l - a wand of mindburst (4)
 p - a wand of polymorph (9)
 C - a wand of roots (17)
 D - a wand of flame (37)
 G - a wand of paralysis (15)
 K - a wand of digging (6)
Scrolls
 a - a scroll of summoning
 b - a scroll of poison
 f - 4 scrolls of teleportation
 q - 2 scrolls of fear {unknown}
 s - 2 scrolls of torment
 u - 5 scrolls of enchant weapon
 A - 2 scrolls of vulnerability
Potions
 d - 4 potions of might
 e - 8 potions of heal wounds
 h - 5 potions of curing
 o - 4 potions of berserk rage
 t - 4 potions of haste
 x - 2 potions of flight
 B - 4 potions of attraction
 I - a potion of ambrosia {unknown}
 L - a potion of mutation


   Skills:
 * Level 13.9 Fighting
 * Level 13.2 Maces & Flails
 + Level 13.8 Armour
 + Level 1.7 Dodging
 - Level 6.0 Shields
 + Level 8.3 Invocations


You had 12 spell levels left.
You didn't know any spells.
Your spell library contained the following spells:

 Spells                   Type           Power      Damage    Failure   Level
 Apportation              Tloc           0%         N/A       58%         1
 Necrotise                Necr           0%         1d4       58%         1
 Sting                    Tmut/Pois      0%         1d3       58%         1
 Summon Small Mammal      Summ           0%         N/A       58%         1
 Blink                    Tloc           0%         N/A       73%         2
 Poisonous Vapours        Pois/Air       0%         N/A       73%         2
 Dazzling Flash           Conj/Hex       0%         N/A       91%         3
 Inner Flame              Hex/Fire       0%         N/A       91%         3
 Cause Fear               Hex            0%         N/A       100%        4
 Iskenderun's Mystic Bla  Conj/Tloc      0%         2d3       100%        4
 Manifold Assault         Tloc           0%         N/A       100%        4
 Olgreb's Toxic Radiance  Pois           0%         N/A       100%        4
 Starburst                Conj/Fire      0%         6d3       100%        6
 Ozocubu's Refrigeration  Ice            0%         4d7       100%        7
 Storm Form               Tmut/Air       0%         N/A       100%        7
 Discord                  Hex            0%         N/A       100%        8
 Ignition                 Fire           0%         3d3       100%        8


Dungeon Overview and Level Annotations

Branches:
Dungeon (11/15)            Temple (1/1) D:7            Lair (4/5) D:10
  Swamp (0/4) Lair:3       Spider (0/4) Lair:3          Orc (0/2) D:9
  Sewer (visited)         Volcano (visited)
  Slime: Lair:4-5

Altars:
Ashenzari
Cheibriados
Dithmenos
Elyvilon
Fedhas
Gozag
Hepliaklqana
Kikubaaqudgha
Makhleb
Nemelex Xobeh
Okawaru
Qazlal
Ru
Sif Muna
Trog
Uskayaw
Vehumet
Wu Jian
Xom
Yredelemnul
Zin
The Shining One

Shops:
D:1 :   D:6 (

Annotations:
Temple 4 transporters
Lair:3 2 transporters, tensugalgo's ghost, journeyman TeTm


Innate Abilities, Weirdness & Mutations

You are immune to sickness and miasma.
Your stone body is resilient. (AC +9)
You are immune to poison.
You resist negative energy. (rN+)
You are resistant to electric shocks. (rElec)
You are resistant to unholy torment.
You are immune to petrification.


Message History

The eight-headed hydra bites you!
* * * LOW HITPOINT WARNING * * *
The eight-headed hydra bites you.
* * * LOW HITPOINT WARNING * * *
The eight-headed hydra bites you but does no damage. x2
You block the eight-headed hydra's attack.
Your shield is strengthened by the Shining One's divine power.
You block the eight-headed hydra's attack.
The eight-headed hydra bites you.
* * * LOW HITPOINT WARNING * * *
You block the eight-headed hydra's attack.
The eight-headed hydra bites you but does no damage. x2
You block the eight-headed hydra's attack.
The eight-headed hydra bites you!
* * * LOW HITPOINT WARNING * * *
The eight-headed hydra bites you but does no damage.
You feel better. The eight-headed hydra bites you.
* * * LOW HITPOINT WARNING * * *
You block the eight-headed hydra's attack.
The eight-headed hydra barely misses you.
The eight-headed hydra bites you.
* * * LOW HITPOINT WARNING * * *
The eight-headed hydra closely misses you. x2
You block the eight-headed hydra's attack.
The eight-headed hydra bites you but does no damage.
You hit the eight-headed hydra. You burn the eight-headed hydra.
The eight-headed hydra is almost dead.
You block the eight-headed hydra's attack. x3
The eight-headed hydra bites you but does no damage.
The eight-headed hydra closely misses you.
The eight-headed hydra bites you but does no damage. x3
You hit the eight-headed hydra but do no damage.
The eight-headed hydra is almost dead.
You block the eight-headed hydra's attack.
The eight-headed hydra bites you but does no damage.
You block the eight-headed hydra's attack.
The eight-headed hydra bites you but does no damage. x2
The eight-headed hydra barely misses you.
The eight-headed hydra bites you!
You die...

...## .#.
##................. ..##
...## ##................
.##
..#.####............... .#
#....###............... ##
#.....###......#..##.+# #
#..#..# ##......###.#..
#.....#####.....###...#
#...yD#.###....###.....
...l.#.##@..##.....#......
... ###.....#....+.......
. #.....#....#####P.#
#.....#....# ##.#
##....#....#####..#
##.#..............
###..............
#..............
#..............


You could see an eight-headed hydra and a killer bee.

Vanquished Creatures
  A fire dragon (Volcano)
  5 hydras
  4 two-headed ogres
  3 death yaks
  Urug (D:10)
  A lindwurm (Volcano)
  A manticore (D:11)
  6 elephants
  Maurice (D:8)
  4 black mambas
  7 cane toads
  Maggie (D:8)
  5 rime drakes
  8 komodo dragons
  A burning bush (Lair:4)
  6 meliai (Lair:4)
  A tyrant leech (Lair:3)
  A polar bear (Lair:2)
  A troll (D:5)
  2 hornets
  11 blink frogs
  2 shadows (D:11)
  15 yaks
  9 fire bats (Volcano)
  2 wyverns
  3 basilisks
  2 wraiths
  Eustachio (D:5)
  Grum (D:8)
  3 steam dragons
  2 redbacks (Lair:3)
  3 vampire mosquitoes (D:10)
  2 swamp worms (Lair:3)
  A hell hound (Volcano)
  11 water moccasins
  A sky beast (D:7)
  6 orc warriors
  2 black bears
  2 centaurs
  3 ogres
  6 wolves
  3 kobold brigands
  5 bullfrogs
  2 gnoll sergeants
  6 scorpions
  A necrophage (D:8)
  4 wights (D:9)
  The ghost of fly the Sneak, a weakling DgDe (D:3)
  47 killer bees
  A howler monkey (D:8)
  11 lava snakes (Volcano)
  A hound (D:6)
  9 orc priests
  3 jellies
  A gnoll bouda (D:5)
  Crazy Yiuf (D:5)
  3 iguanas
  6 orc wizards
  5 adders
  14 gnolls
  4 white imps
  2 ufetubi
  A worm (D:5)
  4 dart slugs
  62 orcs
  3 endoplasms
  9 giant cockroaches
  12 goblins
  6 hobgoblins
  10 jackals
  9 quokkas
  6 ball pythons
  9 bats
  7 frilled lizards
  26 kobolds
  9 rats
  2 butterflies (Lair:2)
453 creatures vanquished.

Vanquished Creatures (others)
  2 orc wizards (D:5)
  10 fungi
  14 plants
26 creatures vanquished.

Grand Total: 479 creatures vanquished

Notes
Turn   | Place    | Note
-------+----------+-------------------------------------------
     0 | D:1      | Decritt the Gargoyle Fighter began the quest for the Orb.
     0 | D:1      | Reached XP level 1. HP: 14/14 MP: 1/1
   310 | D:1      | Found Xepola's Vocational Training.
   363 | D:1      | Reached XP level 2. HP: 17/19 MP: 2/2
   910 | D:1      | Reached XP level 3. HP: 13/23 MP: 3/3
  1612 | D:2      | Found a white marble altar of Elyvilon.
  1868 | D:2      | Reached XP level 4. HP: 29/29 MP: 4/4
  2575 | D:3      | Found a glowing drain.
  2579 | Sewer    | Entered a sewer
  2644 | Sewer    | Noticed a water moccasin
  2666 | Sewer    | Killed a water moccasin
  2667 | Sewer    | Reached XP level 5. HP: 16/34 MP: 5/5
  3224 | D:3      | Reached XP level 6. HP: 38/39 MP: 6/6
  3259 | D:3      | Found a runed translucent door.
  3265 | D:3      | Noticed fly's ghost (weakling DgDe)
  3278 | D:3      | Killed fly's ghost
  3458 | D:3      | Found a sparkling altar of Nemelex Xobeh.
  3460 | D:3      | Found a hazy altar of Hepliaklqana.
  3461 | D:3      | Found an ancient bone altar of Kikubaaqudgha.
  3461 | D:3      | Found a bloodstained altar of Trog.
  3948 | D:4      | Reached skill level 5 in Fighting
  3948 | D:4      | Reached skill level 5 in Armour
  3952 | D:4      | Reached XP level 7. HP: 25/44 MP: 7/7
  4216 | D:4      | You fall into a shaft and drop 2 floors!
  4343 | D:5      | Entered Level 5 of the Dungeon
  4927 | D:4      | Found a glowing golden altar of the Shining One.
  4934 | D:4      | Became a worshipper of the Shining One
  5172 | D:5      | Reached skill level 5 in Maces & Flails
  5355 | D:5      | Noticed Eustachio
  5375 | D:5      | Reached XP level 8. HP: 37/51 MP: 8/8
  5438 | D:5      | Killed Eustachio
  5653 | D:5      | Noticed a troll
  5663 | D:5      | Killed a troll
  5664 | D:5      | Reached skill level 5 in Shields
  6069 | D:5      | Found a runed translucent door.
  6070 | D:5      | Noticed Crazy Yiuf
  6079 | D:5      | Killed Crazy Yiuf
  6178 | D:6      | Found Taihi's Antique Weapon Emporium.
  6183 | D:6      | Bought a glowing morningstar for 182 gold pieces
  6326 | D:6      | Found a blossoming altar of Fedhas.
  6328 | D:6      | Found a broken altar of Ashenzari.
  6542 | D:7      | Reached XP level 9. HP: 56/57 MP: 9/9
  6648 | D:7      | Noticed a hornet
  6660 | D:7      | Killed a hornet
  7018 | D:7      | Found a shimmering altar of Xom.
  7342 | D:7      | Found a staircase to the Ecumenical Temple.
  7400 | Temple   | Entered the Ecumenical Temple
  7400 | Temple   | Found a transporter.
  7400 | Temple   | Found a transporter.
  7402 | Temple   | Found a transporter.
  7402 | Temple   | Found a transporter.
  7587 | D:7      | Identified the +5 hand axe of World's End {venom, Dex+5}
  7877 | D:8      | Noticed Maurice
  7889 | D:8      | Killed Maurice
  7890 | D:8      | Reached skill level 1 in Invocations
  7910 | D:8      | Reached XP level 10. HP: 55/64 MP: 11/11
  7928 | D:8      | Reached * piety under the Shining One
  8096 | D:8      | Noticed Grum
  8418 | D:8      | Killed Grum
  8728 | D:8      | Noticed Maggie
  8757 | D:8      | Killed Maggie
  9387 | D:9      | Reached ** piety under the Shining One
  9613 | D:9      | Found a staircase to the Orcish Mines.
  9976 | D:10     | Entered Level 10 of the Dungeon
  9976 | D:10     | Noticed Urug
  9991 | D:10     | Killed Urug
 10231 | D:10     | Found a snail-covered altar of Cheibriados.
 10290 | D:10     | Found a staircase to the Lair.
 10396 | D:10     | Reached XP level 11. HP: 72/72 MP: 14/14
 10421 | D:10     | Reached skill level 10 in Fighting
 10421 | D:10     | Reached skill level 10 in Armour
 10634 | D:10     | Noticed a two-headed ogre
 10648 | D:10     | Killed a two-headed ogre
 10649 | D:10     | Reached skill level 10 in Maces & Flails
 10953 | D:10     | Noticed a two-headed ogre
 10955 | D:10     | Killed a two-headed ogre
 11072 | D:11     | Noticed a two-headed ogre
 11076 | D:11     | Killed a two-headed ogre
 11242 | D:11     | Noticed a manticore
 11255 | D:11     | Killed a manticore
 11386 | D:11     | Reached skill level 5 in Invocations
 11531 | D:11     | Noticed a two-headed ogre
 11546 | D:11     | Killed a two-headed ogre
 12053 | D:11     | Reached *** piety under the Shining One
 12543 | Lair:1   | Entered Level 1 of the Lair of Beasts
 12712 | Lair:1   | Reached XP level 12. HP: 65/80 MP: 16/16
 13457 | Lair:1   | Identified the ring of Byptet {rPois rN+ Str+4}
 14704 | Lair:2   | Noticed a death yak
 14705 | Lair:2   | Noticed a death yak
 14706 | Lair:2   | Noticed a seven-headed hydra
 14720 | Lair:2   | Noticed a death yak
 14774 | Lair:1   | Killed a death yak
 15030 | Lair:1   | Killed a seven-headed hydra
 15038 | Lair:1   | Killed a death yak
 15045 | Lair:2   | Killed a death yak
 15290 | Lair:2   | You fall into a shaft and drop 2 floors!
 15332 | Lair:4   | Identified the +9 falchion "Qoijips" {spect, rC+ Int+4}
 15478 | Lair:4   | Reached XP level 13. HP: 75/87 MP: 18/18
 15938 | Lair:3   | Found a transporter.
 15938 | Lair:3   | Noticed tensugalgo's ghost (journeyman TeTm)
 15972 | Lair:3   | Found a dark tunnel.
 15982 | Volcano  | Entered a volcano
 16520 | Volcano  | Reached **** piety under the Shining One
 16530 | Volcano  | Noticed a fire dragon
 16565 | Volcano  | Killed a fire dragon
 16756 | Volcano  | Found a burning altar of Makhleb.
 17247 | Lair:3   | Found a hole to the Spider Nest.
 17371 | Lair:3   | Found a transporter.
 18380 | Lair:3   | Found a staircase to the Swamp.
 18738 | Lair:4   | Reached skill level 1 in Dodging
 19497 | Lair:4   | Slain by an eight-headed hydra

Illustrated notes

Levels and vault maps discovered:
D:1:      dpeg_arrival_long_road, layout_basic, nicolae_shop_vocational
D:2:      layout_basic, basic_altar
D:3:      minmay_angry_zag, layout_loops_ring, mainiacjoe_overflow_alcove_3,
          gup_sewer_entry_bowl, gammafunk_ghost_grave, hangedman_decor_points
D:4:      layout_rooms, mainiacjoe_overflow_alcove_2
D:5:      cheibrodos_barr_body, layout_loops_corners,
          minmay_a_box_with_orc_wizards_in_it, uniq_crazy_yiuf_cottage,
          uniq_eustachio
D:6:      layout_rooms, grunt_temple_overflow_open, serial_shops, shop,
          kennysheep_donut
D:7:      layout_basic, mainiacjoe_overflow_cross_hatched,
          minmay_temple_entry_statues, minmay_starry_boxes
D:8:      layout_rooms, enter_bailey_2, chequers_serial_rivers_room_b,
          kennysheep_generic_room_3, uniq_grum, uniq_maggie, uniq_maurice
D:9:      layout_basic, hiddenorc1_lemuel
D:10:     layout_loops_ring, lemuel_round_altar, dpeg_oklobed_lair, uniq_urug
D:11:     layout_rooms, special_room [special_room_orc]
Temple:   hellmonk_temple_divided_pantheon
Lair:1:   layout_layer_cave
Lair:2:   layout_concentric_octagons, grunt_megastairs_5, lemuel_fruit_fields,
          serial_bayou_shore_a, lemuel_fruit_fields
Lair:3:   layout_gridlike, palyth_hydra_swamp_entry, spider_nest_entry_webs,
          nicolae_volcano_entry_hallway, gammafunk_ghost_arena,
          lemuel_fruit_tree
Lair:4:   regret_index_combs_of_tragedy, layout_regular_city, evilmike_ambush
          [evilmike_ambush_outer_basic, evilmike_ambush_inner_pond],
          infiniplex_staircase_pool_2, grunt_megastairs_3

Skill      XL: |  1  2  3  4  5  6  7  8  9 10 11 12 13 |
---------------+----------------------------------------+-----
Armour         | 4 5 6 7 8 9 11 12 13 | 13.8
Fighting       | 4 5 6 7 8 9 11 12 13 | 13.9
Shields        | 4 5 6 |  6.0
Maces & Flails | 3 4 5 6 8 9 11 12 13 | 13.2
Invocations    | 1 4 5 7 8 |  8.3
Dodging        | 1 |  1.7

Action                   |  1- 3 |  4- 6 |  7- 9 | 10-12 | 13-15 || total
-------------------------+-------+-------+-------+-------+-------++-------
Melee: Flail             |   163 |       |   132 |       |       ||   295
       Dire flail        |     2 |   175 |    99 |       |       ||   276
       Morningstar       |       |       |    97 |   223 |   193 ||   513
       Eveningstar       |       |       |       |   414 |   153 ||   567
Invok: Divine Shield     |       |       |       |       |     2 ||     2
  Use: Scroll            |       |     9 |     9 |     3 |     6 ||    27
       Potion            |       |       |       |     2 |     4 ||     6
Armor: Scale mail        |    97 |    81 |       |       |       ||   178
       Plate armour      |       |    71 |   397 |   590 |   181 ||  1239
       Ring mail         |       |       |       |       |   153 ||   153
Dodge: Dodged            |    94 |    88 |   148 |   304 |   233 ||   867
Block: Buckler           |    44 |       |    72 |   191 |   176 ||   483

Table legend: (Time is in decaauts)
 A = Elapsed time spent in this place.
 B = Non-inter-level travel time spent in this place.
 C = Inter-level travel time spent in this place.
 D = Time resting spent in this place.
 E = Time spent auto-exploring this place.
 F = Levels seen in this place.
 G = Mean time per level.
                   A        B        C        D        E       F      G
               +--------+--------+--------+--------+--------+-----+--------+
         Total |  19629 |  19330 |    299 |   4128 |  11502 |  18 | 1090.5 |
       Dungeon |  12267 |  12055 |    212 |   1495 |   8259 |  11 | 1115.2 |
        Temple |     31 |     31 |      0 |      0 |      4 |   1 |   31.0 |
          Lair |   5922 |   5836 |     86 |   1867 |   2995 |   4 | 1480.5 |
         Sewer |    410 |    410 |      0 |    242 |     75 |   1 |  410.0 |
       Volcano |    998 |    998 |      0 |    524 |    168 |   1 |  998.0 |
               +--------+--------+--------+--------+--------+-----+--------+

Top non-repeatable levels by time:
  Lair:1: 1625 daAuts
     D:7: 1594 daAuts
     D:1: 1588 daAuts
  Lair:3: 1566 daAuts
     D:5: 1517 daAuts
    D:10: 1467 daAuts
  Lair:2: 1462 daAuts
  Lair:4: 1267 daAuts
    D:11: 1103 daAuts
     D:8: 1051 daAuts
     D:2: 1013 daAuts
 Volcano: 998 daAuts
     D:3: 923 daAuts
     D:9: 799 daAuts
     D:4: 706 daAuts
